[Event "Chinese Championship-B Women 2024"]
[Site "Liaocheng"]
[Date "2024.04.26"]
[Round "11.5"]
[White "Zhao, Chenyu"]
[Black "Chu, Ruotong"]
[Result "0-1"]
[ECO "C10"]
[WhiteElo "1909"]
[BlackElo "2124"]
[Annotator "TA"]
[PlyCount "166"]
[EventDate "2024.04.24"]
[EventType "swiss"]
[EventCountry "CHN"]
[SourceTitle "playchess.com"]
[Source "ChessBase"]
[SourceQuality "1"]
[TimeControl "5400+30"]

1. e4 e6 2. d4 d5 3. Nd2 dxe4 4. Nxe4 Bd7 5. Bd3 Bc6 6. Nf3 Nd7 7. O-O Ngf6 8. Qe2 Be7 9. c3 O-O 10. Neg5 h6 11. Nh3 b6 {[%emt 0:03:36] The position is equal.} 12. Ne5 Bb7 13. Nf4 c5 (13... Bd6 $11) 14. Re1 (14. Neg6 $1 $16 {Strongly threatening Nxe6.} fxg6 15. Qxe6+ Rf7 16. Bc4) 14... cxd4 $11 15. Neg6 {[%emt 0:09:59] Dodges Nxe5} Re8 $2 {[%emt 0:01:45] [#]} (15... fxg6 $2 16. Qxe6+ Rf7 17. Bxg6 $18) (15... e5 $15 16. cxd4 Re8 (16... fxg6 17. dxe5 Nd5 18. Nxg6 $15) 17. Nxe7+ (17. Nxe5 Bd6 $17) 17... Qxe7 (17... Rxe7 18. Bc4 $14)) 16. Nxe6 $1 $18 Qc8 {[%emt 0:00:01] [#]} (16... Bc5 {keeps fighting.} 17. Nxd8 Rxe2 18. Rxe2 (18. Bxe2 Rxd8 19. Nf4 dxc3 $16) 18... Rxd8) (16... Bd6 17. Nxd8) 17. Nxg7 $1 Kxg7 {[%emt 0:16:26] [#]} (17... Qc6 18. Qf1) 18. Qd2 $2 fxg6 $16 19. Qxh6+ Kg8 20. Qxg6+ Kh8 {[%emt 0:00:03] aiming for ...Nf8.} 21. Qh6+ {[%emt 0:13:30][%mdl 1024] White has compensation.} Kg8 22. Qg5+ (22. cxd4 Bf8 23. Rxe8 Qxe8 $11) 22... Kh8 23. Qh4+ (23. cxd4 $2 Nh7 24. Qg6 Ndf8 $19) 23... Kg7 $2 (23... Kg8 $16) 24. Qg3+ $2 (24. Qxd4 $2 Qc5 25. Qh4 Qh5 26. Qxh5 Nxh5 $19) (24. Bh6+ $1 $18 Kh8 25. Be3+ (25. cxd4 Qc6 $16) (25. Bf8+ Kg8 $16) 25... Kg8 26. Qg5+ (26. Qxd4 $2 Qc6 $19) (26. Bxd4 Kf7 $11) 26... Kf8 27. Qh6+ (27. Bxd4 Qc6 $16) 27... Kg8 28. Qg6+ (28. cxd4 Bf8 $17) (28. Bxd4 Qc6 $16) 28... Kh8 29. Bxd4) 24... Kh8 $14 {[%emt 0:00:24] Threatens to win with ...Nh7.} 25. Bg6 {[%emt 0:01:07] [#]} (25. cxd4 Nh7 26. Bf4 Rg8 27. Rxe7 Rxg3 $15) (25. Qh3+ $1 $14 {stays ahead.} Kg8 26. Bf5 (26. Qg3+ Kh8 $11)) 25... Qc5 $2 26. Qh3+ (26. Bf4 $5) 26... Kg7 $1 (26... Kg8 27. Bh6 Bd6 28. Bxe8 Rxe8 29. Rxe8+ Nxe8 30. Qxd7 $16) 27. cxd4 $2 (27. Qh6+ $15 Kg8 28. Bxe8 Rxe8 29. Qg6+ Kh8 30. Bg5) 27... Qd5 $19 (27... Qxd4 28. Bf5 Bf8 29. Be3 $15 (29. Qh6+ $2 Kg8 $19)) 28. Bf5 {[%emt 0:00:33] [#]} (28. Qh6+ {might work better.} Kg8 29. Be4 Qxe4 (29... Nxe4 30. Qg6+ Kh8 31. Qh6+ Kg8 32. Qg6+ Kh8 33. Qh6+ Kg8 $11) 30. Rxe4 Bxe4 31. f3) 28... Qxg2+ $2 29. Qxg2+ $15 Bxg2 30. Kxg2 Bb4 (30... Nf8 $15) 31. Rg1 $11 Kf7 32. Be3 (32. Kf3 $11) 32... Rg8+ 33. Kf3 Rxg1 34. Rxg1 Rh8 35. h3 Nf8 36. Rc1 Bd6 {[%emt 0:06:25] Wards off Rc7+} 37. Rc6 Rh5 38. Bg4 {[%emt 0:02:20] A strong pair of Bishops.} Rd5 39. Ke2 {[%emt 0:01:02] And now Bf3 would win.} Ne6 40. Rc4 ({White should try} 40. Kd3 $15) 40... Nxg4 $17 41. hxg4 b5 {[%emt 0:00:03] Black is more active.} 42. Rc6 Nxd4+ 43. Bxd4 Rxd4 {[%emt 0:00:03][%mdl 4096] Endgame. KRB-KR} 44. Ke3 Rd1 (44... Rxg4 $2 45. Rxd6 Rg1 46. Rd7+ Ke6 47. Rxa7 $18) 45. Ke2 Rd5 46. Ra6 Bc5 47. Rc6 Re5+ 48. Kf3 Bd4 49. b3 Re1 50. Rd6 Bb6 51. Rd5 b4 {[%emt 0:02:45] ...Rf1 would now be deadly.} 52. Kg3 (52. Rb5 $17) 52... Rg1+ $19 53. Kf3 (53. Kh3 $142) 53... Rf1 54. Rd2 Kf6 55. Kg2 Re1 56. f4 Rg1+ 57. Kf3 Rf1+ 58. Ke4 Rf2 $2 (58... Re1+ $19 59. Kf3 Rf1+ 60. Kg3 Bc7) 59. Rxf2 $4 (59. g5+ $15 Ke6 60. Rd1) 59... Bxf2 $15 {[%emt 0:00:03] KB-KP. Black mates.} 60. Kd5 Be3 61. Kc4 {[%emt 0:00:34] [#]} a5 $1 ({Stronger than} 61... Bxf4 62. Kxb4 Be3 (62... Kg5 63. Ka5 $11) 63. Ka5 $11) 62. Kb5 Bxf4 63. Kxa5 {[%emt 0:00:04] [#] KB-K3P} Bd6 $1 64. Kb5 Kg5 65. Kc6 Bf8 66. Kd5 Kxg4 {[%emt 0:00:04] KB-KPP} 67. Ke4 Be7 68. Ke3 Kf5 69. Kd4 Kf4 70. Kd3 Kf3 71. Kd2 Ke4 72. Ke2 Kd4 73. Kd2 Bf8 74. Kc2 Ke3 75. Kc1 Kd3 76. Kb2 Kd2 77. Kb1 Kc3 78. Kc1 Bh6+ 79. Kb1 Bg5 80. Ka1 Kc2 81. a3 bxa3 (81... Kxb3 82. axb4 Bf6+ 83. Kb1 $11) 82. Ka2 Be7 83. b4 Bxb4 {[%emt 0:00:04] Never resign too early!   Weighted Error Value: White=0.67/Black=0.37.  Loses game:     	White=2     	Black=2      Missed win:     	White=2     	Black=3      Mistake:       	White=6     	Black=3      Inaccurate:     	White=3     	Black=1      OK:         	White=19    	Black=21     Best:        	White=1     	Black=9      Strong:       	---       	Black=1      Brilliant:      	White=2     	---} 0-1

[Event "Chinese Championship-B Women 2024"]
[Site "Liaocheng"]
[Date "2024.04.26"]
[Round "11.6"]
[White "Shao, Qiyu"]
[Black "Ren, Xiaoyi"]
[Result "0-1"]
[ECO "E91"]
[WhiteElo "1764"]
[BlackElo "2075"]
[Annotator "TA"]
[PlyCount "92"]
[EventDate "2024.04.24"]
[EventType "swiss"]
[EventCountry "CHN"]
[SourceTitle "playchess.com"]
[Source "ChessBase"]
[SourceQuality "1"]
[TimeControl "5400+30"]

1. c4 g6 2. Nc3 Bg7 3. d4 Nf6 4. e4 d6 5. Nf3 Bg4 6. Be2 O-O 7. h3 Bxf3 8. Bxf3 Nc6 9. O-O e5 10. d5 Nd4 11. Be3 Nd7 12. Nb5 Nxf3+ 13. Qxf3 f5 14. Rac1 {[%emt 0:00:00] The position is equal.} (14. Bxa7 c6 15. dxc6 bxc6 $17) (14. Nxa7 $2 f4 15. Nb5 fxe3 16. Qxe3 Nf6 $19) 14... f4 15. Bd2 a6 16. Nc3 h5 17. g3 fxg3 18. Qxg3 Kh7 19. Ne2 Nc5 20. f3 a5 21. Be3 Bh6 22. Bxh6 (22. Bxc5 $5 Bxc1 (22... dxc5 23. Qxe5 Be3+ 24. Kg2 $11) 23. Nxc1 $11) 22... Kxh6 23. f4 (23. Rc3 $15) 23... Qe7 (23... Nxe4 24. Qe3 Nc5 25. fxe5+ Qg5+ 26. Qxg5+ Kxg5 27. e6 $16) (23... h4 $17 24. Qg4 exf4 25. Nxf4 Qg5 26. Qxg5+ Kxg5 27. Ne6+ Nxe6 28. dxe6 Rf4 29. Rxf4 Kxf4 30. Rf1+ Kxe4) 24. fxe5 $1 $15 Qxe5 25. Qxe5 dxe5 26. Nc3 Nd3 27. Rb1 c6 {[%emt 0:07:06] Black is more active.} (27... Rxf1+ $15 28. Rxf1 Nxb2) 28. b3 g5 29. Rbd1 Nf4 30. Kh2 {[%emt 0:00:37] [#]} (30. dxc6 $1 $15 bxc6 31. Rd6+ Kg7 32. Kh2) 30... Rad8 (30... g4 $1 $17 31. d6 Kg5 (31... Nxh3 32. Rxf8 Rxf8 33. d7 $17) (31... gxh3 32. d7 $11) 32. hxg4 hxg4) 31. Na4 $11 g4 32. hxg4 hxg4 {[%emt 0:00:04] With the idea ...Kg5.} 33. Nc5 Kg5 {[%emt 0:01:34] Hoping for ...Rh8+.} 34. Nxb7 $2 (34. Kg3 $11 {and White has nothing to worry.} Rf6 35. Rh1 (35. Nxb7 $2 Rh8 $19)) 34... Rd7 $2 (34... Rh8+ $19 35. Kg1 Rdg8) 35. Nc5 $1 (35. Nxa5 Rh8+ 36. Kg1 Rdh7 37. Rxf4 exf4 (37... Rh1+ $2 38. Kf2 $19) 38. Kf1 Rh2 (38... Rh1+ $2 39. Ke2 $19) 39. dxc6 f3 (39... Rxa2 40. Rd5+ Kf6 41. e5+ Kg5 42. e6+ Kg6 43. Rh5 Rxh5 44. Kg1 f3 45. e7 Rg2+ 46. Kf1 Rh1#) (39... Rh1+ $2 40. Ke2 $19) 40. Rd4 g3 (40... Rxa2 41. Rd5+ Kf4 42. Rf5+ Ke3 43. Rxf3+ gxf3 44. Kg1 Ra1#) 41. Rd5+ Kg4) 35... Rh7+ 36. Kg1 {[%emt 0:00:11][%cal Of1f4] Threatens to win with Rxf4!} Rfh8 $36 {[%emt 0:03:00][%mdl 2048] Black fights for an advantage.} (36... Rh6 {simplifies} 37. Ne6+ Nxe6 38. dxe6 Rxf1+ 39. Rxf1 Rxe6 40. c5 Re7) 37. Ne6+ $1 Kg6 38. Nxf4+ $2 (38. Rxf4 $11 {and White is okay.} Rh1+ 39. Kg2 Rxd1 40. Rxg4+ Kf6 41. Rg5) 38... exf4 {[%emt 0:00:04][%mdl 4096] Endgame. KRR-KRR} 39. d6 {[%emt 0:00:22] [#]} (39. dxc6 $19 Rh1+ 40. Kf2 R8h2+ (40... R1h2+ $2 41. Ke1 $19) 41. Ke1) 39... Rh2 (39... Rh1+ $142 40. Kf2 R8h2+ (40... R1h2+ $2 41. Ke1 $19) 41. Ke1 g3 (41... Kf6 42. Rd3 $14) 42. Rxh1 Rxh1+ 43. Ke2 Rxd1 (43... f3+ $2 44. Kxf3 Rxd1 45. Kxg3 $19) (43... g2 $2 44. Rg1 $19) 44. Kxd1 g2 45. d7 g1=Q+ (45... g1=R+ 46. Kc2 $11) 46. Kd2 Qe3+ 47. Kc2 Qd4 (47... Qxe4+ 48. Kd2 Qe3+ 49. Kc2 Qd4 50. Kc1 Qxd7 51. Kc2 f3 52. b4 f2 53. bxa5 f1=Q 54. Kb3 Qb1+ 55. Ka4 c5+ 56. Ka3 Qb4#) 48. d8=B Qxd8 49. e5 f3 50. e6 f2 51. e7 Qxe7 (51... f1=Q 52. exd8=Q Qe2+ 53. Qd2 $16) 52. Kb2 f1=Q (52... f1=B 53. Kc3 Qe5+ 54. Kc2 Qe2+ 55. Kc3 Qd3+ 56. Kb2 Qd2+ 57. Ka3 c5 58. Ka4 Qb4#) 53. c5 Qf2+ (53... Qxc5 $2 54. a4 Qg2+ 55. Kb1 Qcg1#) (53... Qee2+ $2 54. Ka3 Qc1+ 55. Ka4 Qxa2#) 54. Kc3 Qexc5+ 55. Kd3 Qfe3#) 40. Rxf4 $19 Rh1+ (40... Rxa2 41. d7 (41. Rxg4+ Kf6 $18) 41... Kg5 42. Rf5+ (42. d8=Q+ Rxd8 43. Rf5+ Kh4 $18) (42. d8=R Kxf4 43. Rxh8 Kxe4 $18) 42... Kg6 43. d8=Q $18 (43. d8=R Rxd8 44. Rxd8 Kg7 $18)) 41. Kf2 Rxd1 42. Rxg4+ Kh5 43. Rf4 Rxd6 {[%emt 0:00:04] Strongly threatening ...Kg5.} 44. Rf5+ Kg4 {[%emt 0:00:17] ( -> ...Rhd8)} 45. Rxa5 Kf4 46. Ra7 Rd2+ {[%emt 0:00:29] Weighted Error Value: White=0.88/Black=0.64.  Loses game:     	White=2     	---        Missed win:     	---       	Black=1      Mistake:       	White=3     	Black=4      Inaccurate:     	White=5     	Black=2      OK:         	White=3     	Black=11     Best:        	White=4     	Black=1      Strong:       	White=3     	---} 0-1

[Event "Chinese Championship-B Women 2024"]
[Site "Liaocheng"]
[Date "2024.04.26"]
[Round "11.7"]
[White "Wang, Xiaoyan"]
[Black "Men, Jiayi"]
[Result "1/2-1/2"]
[ECO "A85"]
[WhiteElo "1932"]
[BlackElo "1845"]
[Annotator "TA"]
[PlyCount "60"]
[EventDate "2024.04.24"]
[EventType "swiss"]
[EventCountry "CHN"]
[SourceTitle "playchess.com"]
[Source "ChessBase"]
[SourceQuality "1"]
[TimeControl "5400+30"]

1. d4 d5 2. c4 e6 3. Nc3 f5 4. Nf3 c6 5. e3 Nf6 6. Bd3 Bd6 7. O-O O-O 8. b3 Ne4 9. Ne2 Nd7 10. Bb2 Qf6 11. Ng3 (11. Nf4 $14) 11... g5 ({Better is} 11... Qh6 $11) 12. Nd2 (12. Nh5 $14 Qh6 13. Ne5) 12... Qh6 $11 13. Bxe4 fxe4 (13... dxe4 {simplifies} 14. Qh5 Qxh5 15. Nxh5 Kf7) 14. Qe2 b6 15. Rac1 (15. f3 $14 {feels stronger.}) 15... Ba6 16. Qg4 (16. f3 $11 {remains equal.}) 16... Rae8 $1 $17 17. f4 Nf6 $1 18. Qxg5+ Qxg5 19. fxg5 Bxg3 (19... Ng4 $15 20. Rxf8+ Rxf8) 20. Rxf6 Bh4 {[%emt 0:00:00] [#]} (20... Rxf6 $11 21. gxf6 Bh4) 21. Rf4 $1 $16 Rxf4 (21... Bxg5 $2 22. Rg4 $18) 22. exf4 {[%emt 0:00:02] Strongly threatening g3.} e3 (22... h6 $16 {was necessary.}) 23. Nf3 $18 Bf2+ 24. Kf1 b5 25. Bc3 bxc4 26. b4 e5 (26... Kg7 $142 27. Ne5 h6 28. gxh6+ (28. Nxc6 hxg5 29. fxg5 Bb5 $11) 28... Kxh6 29. Ng4+ (29. Nxc6 Rh8 $16) 29... Kg6 30. Nxf2 exf2 31. Kxf2 Rh8) 27. Nxe5 (27. dxe5 Rf8 $16) 27... Rf8 28. g3 (28. Nxc6 Rxf4 29. Ke2 (29. Nxa7 Bh4+ 30. Ke2 Rf2+ 31. Kxe3 Rf7 $19) 29... Kg7 $11) 28... Bc8 29. Ke2 (29. Nxc6 Bh3+ 30. Ke2 Bg4+ 31. Kf1 Bh3+ 32. Ke2 Bg4+ 33. Kf1 Rxf4 34. gxf4 (34. Ne7+ Kg7 $11) 34... Bh3+ 35. Ke2 Bg4+ 36. Kf1 Bh3+ 37. Ke2 Bg4+ 38. Kf1 $11) 29... Re8 {[%emt 0:00:00][%cal Oe8e5] [#]} 30. Be1 $2 ({Worse is} 30. Nxc6 Bg4+ 31. Kf1 Bh3+ 32. Ke2 Bg4+ 33. Kf1 Bh3+ 34. Ke2 Bd7 $11 (34... Bg4+ 35. Kf1 $11)) ({White must play} 30. Kf3 $1 $18) 30... Rxe5 $1 {[%emt 0:00:00] Weighted Error Value: White=0.29 (precise) /Black=0.30.  Missed win:     	White=1     	---        Mistake:       	White=4     	Black=5      Inaccurate:     	White=1     	Black=1      OK:         	White=8     	Black=6      Best:        	White=3     	---        Strong:       	White=1     	Black=3} 1/2-1/2

[Event "Chinese Championship-B Women 2024"]
[Site "Liaocheng"]
[Date "2024.04.26"]
[Round "11.8"]
[White "Cui, Wen"]
[Black "Gao, Muziyan"]
[Result "0-1"]
[ECO "B67"]
[WhiteElo "1825"]
[BlackElo "1891"]
[Annotator "NA RC"]
[PlyCount "134"]
[EventDate "2024.04.24"]
[EventType "swiss"]
[EventCountry "CHN"]
[SourceTitle "playchess.com"]
[Source "ChessBase"]
[SourceQuality "1"]
[TimeControl "5400+30"]

1. e4 c5 2. Nf3 Nc6 3. d4 cxd4 4. Nxd4 Nf6 5. Nc3 d6 6. Bg5 e6 7. Qd2 a6 8. O-O-O Bd7 9. f3 Be7 10. Kb1 Qc7 11. h4 {[%emt 0:00:00] 11.Be3 is not played anymore.} h6 {[%emt 0:00:47] B67: Sicilian: Richter-Rauzer: 7...a6 8 0-0-0 Bd7, lines without 9 f4 Be7.} 12. Be3 Ne5 13. g4 b5 14. a3 Rb8 15. Rg1 Nc4 (15... Qb7 $14) 16. Bxc4 bxc4 17. Ka2 Qb7 $146 ({Predecessor:} 17... g6 18. g5 hxg5 19. hxg5 Nh5 20. f4 Qb7 21. Rb1 Ng7 22. Nde2 Rh2 23. Qd4 Kf8 24. Qxc4 {0-1 Aliavdin,N (2324)-Sanal,V (2563) Titled Tuesday intern op 04th May blitz 2021 (4)}) 18. Rb1 Bd8 (18... Kf8 $142) 19. g5 hxg5 20. hxg5 Ng8 21. g6 f6 22. Qe2 ({Better is} 22. b4 cxb3+ 23. Nxb3 (23. Rxb3 Qc8 $16)) 22... Ne7 23. Qxc4 Rc8 24. Qd3 Rh3 (24... e5 $16 {might work better.}) 25. Rh1 (25. e5 $18 Nd5 (25... dxe5 $2 {loses.} 26. Rh1 $18) 26. Ne4 (26. exd6 e5 $18)) 25... Rxh1 26. Rxh1 Nxg6 27. f4 ({White should play} 27. Qf1 Nf8 28. Nb3) 27... Ba5 28. Nde2 Qc6 29. Ka1 (29. Rd1 $16) 29... Kf7 30. Bc1 Rh8 (30... d5 $142) 31. Rg1 Bb6 32. Rd1 Bc7 (32... Bc8 $14) 33. Nd4 Qb7 34. Rg1 (34. Qc4 $16) 34... Ne7 35. Nf3 Bb5 $11 {[%emt 0:00:24] is more appropriate.} 36. Qd2 (36. Nxb5 Qxb5) 36... Bc6 37. Qd3 Bb6 38. Be3 Bxe3 39. Qxe3 d5 {[%emt 0:00:11] [#]} 40. e5 $1 Nf5 41. Qd2 Rh3 ({Better is} 41... Qa7 $14 42. Ne2 Qf2 (42... Qe3 43. Qa5 $16)) 42. Nd4 Qb6 (42... Nxd4 $16 43. Qxd4 Qa8) 43. Nce2 Rh2 (43... Ne7 $16 44. f5 Nxf5 (44... fxe5 $2 {too greedy.} 45. Qg5 $18)) 44. Re1 $2 (44. exf6 $18 gxf6 (44... Qxd4 45. Qxd4 Nxd4 46. Nxd4 $18) 45. Qc3) 44... Nxd4 45. Qxd4 Qxd4 46. Nxd4 $11 Bd7 47. f5 Rd2 {[%emt 0:01:51] [#]} (47... Rh4 $11 48. fxe6+ Bxe6 49. Nxe6 Kxe6 50. exf6+ Kxf6) 48. c3 $1 fxe5 49. fxe6+ (49. Nf3 $16 Rf2 50. Nxe5+ Ke7 51. Nxd7 Kxd7 52. Rxe6 (52. fxe6+ Ke7 $16)) 49... Bxe6 50. Rxe5 Bh3 51. Kb1 (51. Rxd5 $2 {too greedy.} Be6 52. Nxe6 Rxd5 $19) 51... Bg2 52. Kc1 Rd3 (52... Rf2 $11) 53. Nc6 Rh3 54. Re7+ Kf6 55. Ra7 Bf1 56. Nb4 Bc4 57. Nxa6 g5 58. Nb4 $1 g4 59. Rd7 $2 (59. Kd2 $1 $11) 59... Rh5 $2 (59... g3 $19 60. Nxd5+ Bxd5 61. Rxd5 g2 62. Rd6+ Ke5) 60. Nc2 $19 (60. Kd2 $15) 60... Rh1+ 61. Kd2 Rh2+ 62. Kc1 Rh1+ 63. Kd2 Rh2+ 64. Kc1 g3 65. Ne3 Re2 66. Nxd5+ Bxd5 67. Rxd5 g2 0-1

[Event "Chinese Championship-B Women 2024"]
[Site "Liaocheng"]
[Date "2024.04.26"]
[Round "11.9"]
[White "Xu, Mingwei"]
[Black "Guo, Hanxi"]
[Result "1/2-1/2"]
[ECO "B30"]
[WhiteElo "2037"]
[BlackElo "1699"]
[Annotator "TA"]
[PlyCount "82"]
[EventDate "2024.04.24"]
[EventType "swiss"]
[EventCountry "CHN"]
[SourceTitle "playchess.com"]
[Source "ChessBase"]
[SourceQuality "1"]
[TimeControl "5400+30"]

1. e4 c5 2. Nf3 Nc6 3. Bb5 e6 4. d4 cxd4 5. Nxd4 Nge7 6. O-O Qb6 7. Nxc6 bxc6 8. Be2 Ng6 9. c4 {[%emt 0:00:00] White is slightly better.} Be7 10. Nc3 O-O 11. Qc2 Bb7 12. Be3 Qc7 13. Rfd1 (13. c5 $16) 13... Rfd8 (13... d5 $11 {remains equal.}) 14. Rac1 ({White should play} 14. c5 $16) 14... e5 (14... c5 $11) 15. a3 Nf8 16. Bg4 {[%emt 0:00:00] White has more active pieces.} Ne6 17. Ne2 (17. Bxe6 $14 dxe6 18. c5) 17... d6 18. Ng3 c5 19. Nf5 ({White should try} 19. Bxe6 $14 fxe6 20. b4) 19... Bf6 20. Qd3 Nd4 21. b4 Bc6 22. b5 Bd7 23. Bd2 Bxf5 24. exf5 d5 25. cxd5 Rxd5 26. Bf3 (26. Kh1 $11 {keeps the balance.} Rad8 27. Be3) 26... Nxf3+ $17 27. Qxf3 Rad8 28. Be3 {[%emt 0:00:00] [#]} e4 $1 29. Qg4 {[%emt 0:00:00] Black must now prevent Rxd5.} Rxd1+ 30. Rxd1 Rxd1+ (30... h5 $1 $15 {feels stronger.} 31. Qe2 (31. Qxe4 $2 Rxd1#) (31. Qxh5 c4 $17) (31. Rxd8+ $2 Qxd8 32. Qxh5 c4 $17) 31... Rxd1+ 32. Qxd1 Bd4) 31. Qxd1 $15 {[%emt 0:00:00][%mdl 4096] Endgame. KQB-KQB. The position is equal.} Bd4 32. g3 ({Wrong is} 32. Bxd4 $2 cxd4 33. g3 d3 $19) 32... Bxe3 33. fxe3 $11 {[%emt 0:00:00] KQ-KQ} h6 {[%emt 0:00:00] [#] Hoping for ...c4.} (33... c4 $5 34. Qd5 $8 g6 $11) 34. Qd5 Qa5 {[%emt 0:00:00] aiming for ...Qe1+.} 35. Qxc5 Qe1+ 36. Kg2 Qe2+ 37. Kg1 Qe1+ 38. Kg2 Qe2+ 39. Kg1 Qd1+ 40. Kg2 Qe2+ 41. Kg1 Qe1+ {[%emt 0:00:06] Weighted Error Value: White=0.23 (precise) /Black=0.16 (very precise) .  Mistake:       	White=5     	Black=3      Inaccurate:     	White=2     	Black=4      OK:         	White=9     	Black=13     Best:        	---       	Black=1      Brilliant:      	---       	Black=1} 1/2-1/2

[Event "Chinese Championship-B Women 2024"]
[Site "Liaocheng"]
[Date "2024.04.26"]
[Round "11.10"]
[White "He, Yixuan"]
[Black "Pian, Junyao"]
[Result "1-0"]
[ECO "B99"]
[WhiteElo "1812"]
[BlackElo "1717"]
[Annotator "NA RC"]
[PlyCount "57"]
[EventDate "2024.04.24"]
[EventType "swiss"]
[EventCountry "CHN"]
[SourceTitle "playchess.com"]
[Source "ChessBase"]
[SourceQuality "1"]
[TimeControl "5400+30"]

1. e4 c5 2. Nf3 d6 3. d4 cxd4 4. Nxd4 Nf6 5. Nc3 a6 6. Bg5 e6 7. f4 Be7 8. Qf3 Qc7 9. O-O-O Nbd7 10. Bd3 Nc5 11. Rhe1 O-O 12. Qg3 {[%emt 0:00:00] B99: Sicilian Najdorf: 6 Bg5 e6 7 f4 Be7 8 Qf3 Qc7 9 0-0-0 Nbd7.} Nxd3+ (12... e5 $14 13. Nf5 Bxf5 14. exf5 exf4 15. Qxf4 (15. Bxf4 Rfe8 $14) 15... Rac8) 13. Rxd3 Kh8 14. Qh4 e5 15. Nf5 Bxf5 16. exf5 Qc8 17. fxe5 dxe5 18. Rxe5 Qc7 19. Re1 Qc5 20. Rh3 $18 Qxf5 21. Rxe7 Rfe8 22. Rxe8+ Rxe8 23. Rf3 Qg6 24. Bxf6 Qxg2 25. Bxg7+ Kg8 {[%emt 0:00:00] [#]} 26. Bh6 $1 Qh1+ 27. Nd1 Qxf3 28. Qg5+ Kh8 29. Qg7# 1-0

[Event "Chinese Championship-B Women 2024"]
[Site "Liaocheng"]
[Date "2024.04.26"]
[Round "11.11"]
[White "Wu, Yiting"]
[Black "Shi, Yige"]
[Result "1-0"]
[ECO "B94"]
[WhiteElo "1721"]
[BlackElo "1794"]
[Annotator "NA RC"]
[PlyCount "155"]
[EventDate "2024.04.24"]
[EventType "swiss"]
[EventCountry "CHN"]
[SourceTitle "playchess.com"]
[Source "ChessBase"]
[SourceQuality "1"]
[TimeControl "5400+30"]

1. e4 c5 2. Nf3 d6 3. d4 cxd4 4. Nxd4 Nf6 5. Nc3 a6 6. Bg5 Nbd7 7. Bc4 Qb6 8. Bb3 e6 9. Bxf6 Nxf6 10. Qd2 Nd7 11. O-O-O Nc5 12. Rhe1 Bd7 13. f4 O-O-O 14. g4 g6 15. Nf3 h6 16. Kb1 Bg7 17. Qe3 Kb8 18. e5 Bc6 19. exd6 Bxf3 20. Qxf3 Nxb3 21. axb3 Rxd6 22. Rxd6 Qxd6 23. Rd1 Qc7 24. f5 exf5 25. gxf5 Bxc3 26. bxc3 Rc8 27. fxg6 fxg6 28. Qg2 g5 29. Rd3 Re8 30. Qd2 Qe7 31. Rd6 h5 32. Rd5 Rg8 33. Rd7 Qc5 34. Qg2 Qb6 35. Qd5 Rg6 36. Qf7 Re6 37. Qg8+ Ka7 38. Qxg5 Qc6 39. Qg1+ Kb8 40. Rd3 Re8 41. Kb2 Qb5 42. Qg3+ Ka7 43. Qf2+ Ka8 44. Qf3 Re5 45. Rd8+ Ka7 46. Qf2+ Qc5 47. Qxc5+ Rxc5 48. c4 Rc6 49. Rd5 Rh6 50. h4 Kb6 51. Kc3 Kc6 52. Kd4 b5 53. cxb5+ axb5 54. Rc5+ Kb6 55. b4 Rh8 56. c3 Rg8 57. Rxh5 Rg4+ 58. Kd3 Rg3+ 59. Kc2 Rh3 60. Rh6+ Kb7 61. h5 Rh2+ 62. Kd3 Rh4 63. Rh7+ Kc6 64. Rh8 Kd5 65. Rd8+ Kc6 66. Rc8+ Kb6 67. Rc5 Rf4 68. Ke3 Rf1 69. Ke4 Rf2 70. Rf5 Rc2 71. Rf6+ Kc7 72. Kd4 Rh2 73. Rh6 Rg2 74. Rg6 Rh2 75. h6 Rh4+ 76. Ke5 Kd7 77. Kf6 Ke8 78. Kg7 1-0

[Event "Chinese Championship-B Women 2024"]
[Site "Liaocheng"]
[Date "2024.04.26"]
[Round "11.12"]
[White "Wang, Rachel Zihan"]
[Black "Xue, Shixuan"]
[Result "1/2-1/2"]
[ECO "A81"]
[WhiteElo "1813"]
[BlackElo "1790"]
[Annotator "NA RC"]
[PlyCount "63"]
[EventDate "2024.04.24"]
[EventType "swiss"]
[EventCountry "CHN"]
[SourceTitle "playchess.com"]
[Source "ChessBase"]
[SourceQuality "1"]
[TimeControl "5400+30"]

1. d4 f5 2. c4 Nf6 3. Nc3 b6 4. d5 Bb7 5. Nf3 c6 6. g3 g6 7. Bg2 Bg7 8. O-O O-O 9. dxc6 {[%emt 0:01:45] A81: Dutch Defence: 2 g3.} Bxc6 10. Qb3 Kh8 11. Nb5 (11. Bg5 $14) 11... Na6 12. Nbd4 Be4 13. Qa3 Nc7 14. Bd2 d6 15. Rac1 Qd7 16. Rfd1 Nh5 17. e3 Rad8 18. Bc3 a5 19. Qb3 Rb8 20. Nb5 Ne6 21. Bxg7+ Nhxg7 22. Ne5 (22. Ne1 $142) 22... Qc8 (22... Qb7 $5 23. f3 $8 dxe5 24. fxe4 fxe4 $16) 23. f3 (23. Nf3 $11) 23... Ba8 (23... Nc5 $15 24. Qc3 Bb7) 24. Nd3 Ng5 25. Rf1 Qe6 26. Ne1 Rfc8 27. Nd4 Qf7 28. h4 (28. e4 $11) 28... N5e6 29. Nxe6 Qxe6 30. Rf2 {[%emt 0:01:37] [#]} b5 31. c5 {[%emt 0:01:11] [#]} Rxc5 $17 ({Black should play} 31... Bd5 $1 $19 32. Qd1 dxc5 (32... Rxc5 $2 33. Rxc5 dxc5 34. Qc1 $17) (32... Qxe3 33. Rc3 $15)) 32. Rxc5 1/2-1/2

[Event "Chinese Championship-B Women 2024"]
[Site "Liaocheng"]
[Date "2024.04.26"]
[Round "11.13"]
[White "Wang, Yi(Bj)"]
[Black "Wu, Shuang(Hlj)"]
[Result "1-0"]
[ECO "B30"]
[WhiteElo "1782"]
[BlackElo "1701"]
[Annotator "NA RC"]
[PlyCount "69"]
[EventDate "2024.04.24"]
[EventType "swiss"]
[EventCountry "CHN"]
[SourceTitle "playchess.com"]
[Source "ChessBase"]
[SourceQuality "1"]
[TimeControl "5400+30"]

1. e4 c5 2. Nf3 e6 3. Nc3 Nc6 4. Bb5 Nge7 5. O-O a6 6. Bxc6 Nxc6 7. d4 cxd4 8. Nxd4 Be7 9. Be3 O-O 10. Qe2 Qc7 11. Nxc6 bxc6 12. Na4 Rb8 13. c4 d5 14. exd5 cxd5 15. cxd5 exd5 16. Rac1 Qe5 17. Qd2 Rb4 18. f4 Qb8 19. b3 d4 20. Bxd4 Rd8 21. Qe3 Rbxd4 22. Qxe7 R4d7 23. Qe5 Qb4 24. Qc3 Qf8 25. Nb6 Rd3 26. Qxd3 Rxd3 27. Rxc8 Qxc8 28. Nxc8 Rd2 29. a4 Rd8 30. Nb6 Rd4 31. Rc1 Kf8 32. Rc4 Rd6 33. a5 Rd1+ 34. Kf2 Ra1 35. b4 1-0